Map: Incorporeal LE

Players

ManlyManMeat

  • Race: Terran Terran
  • League: Master
  • Spawn Location: 11:00

VOD

Have the link to the VOD?

Description

Time

  • Played on: May 20, 2025, 2:56 p.m.
  • Length: 12:00
Show
View Real Time Build Order
Export as new Build Order

ManlyManMeat Terran 

Build Orders:  

Get SALT Encoding   

  12  0:00  SCV  
  13  0:17  SCV  
  14  0:24  Supply Depot  
  14  0:34  SCV  
  15  0:54  SCV  
  15  0:57  Barracks  
  16  1:03  Refinery  
  16  1:11  SCV  
  17  1:28  SCV  
  18  1:45  SCV  
  19  2:05  Orbital Command  
  19  2:09  Reaper  
  20  2:23  Command Center  
  20  2:36  Supply Depot  
  20  2:41  SCV  
  20  2:49  Marine  
  22  2:58  SCV  
  23  3:09  Factory  
  23  3:15  SCV  
  24  3:21  Barracks Reactor  
  24  3:32  SCV  
  25  3:48  Command Center  
  25  3:50  SCV  
  26  4:05  Orbital Command  
  26  4:07  SCV  
  27  4:19  Barracks  
  27  4:30  Hellion  
  27  4:33  Hellion  
  27  4:37  SCV  
  32  4:42  SCV  
  32  4:48  Refinery  
  32  4:49  Barracks Tech Lab  
  33  4:56  SCV  
Tags
 
Add a new tag
Caveats
  • Supply blocks, unpowered buildings, or Contaminate may cause inaccurate times.
  • Supply counts are checked every 10 seconds.